 Dungeon Crawl Stone Soup version 0.27-a0-1612-gde56a17b89 (webtiles) character file.

Game seed: 8335325589425663717

2 Spectrina the Sneak (level 1, -4/20 HPs)
             Began as a Djinni Delver on July 22, 2021.
             Slain by a gnoll (10 damage)
             ... on level 5 of the Dungeon.
             The game lasted 00:01:35 (213 turns).

Spectrina the Sneak (Djinni Delver)                  Turns: 213, Time: 00:01:36

Health: -4/20      AC:  3    Str: 11    XL:     1   Next: 33%
Gold:   16         EV: 12    Int: 11    God:
                   SH:  0    Dex: 14

rFire    + + .     SeeInvis .   i - +0 dagger (venom)
rCold    x . .     Faith    .   (no shield)
rNeg     . . .     Spirit   .   a - +0 leather armour
rPois    ∞         Reflect  .   (no helmet)
rElec    .         Harm     .   (no cloak)
rCorr    .         Rampage  .   (no gloves)
Will     .....                  (boots unavailable)
Stlth    ++........             (no amulet)
HPRegen  0.06/turn              (no ring)
MPRegen  0.00/turn              (no ring)

@: flying
A: sickness immunity, fire resistance 2, cold vulnerability 1, float, innate
caster, hp casting, extra vitality 1
a: no special abilities


You were on level 5 of the Dungeon.
You visited 1 branch of the dungeon, and saw 2 of its levels.

You collected 16 gold pieces.

Inventory:

Hand Weapons
 i - a +0 dagger of venom (weapon)
Armour
 a - a +0 leather armour (worn)
Wands
 f - a wand of digging (3)
Scrolls
 b - a scroll of fog
 c - a scroll of magic mapping
 g - a scroll of brand weapon {unknown}
 j - a scroll of vulnerability {unknown}
 k - a scroll of amnesia {unknown}
Potions
 e - a potion of haste
 h - 2 potions of heal wounds {unknown}


   Skills:
 - Level 3.0 Fighting
 - Level 2.1 Dodging
 + Level 4.1 Stealth
 - Level 2.0 Unarmed Combat
 + Level 0.1 Spellcasting


You couldn't memorise any spells.
You didn't know any spells.
Your spell library was empty.

Dungeon Overview and Level Annotations

Branches:
Dungeon (6/15)
 Temple: D:4-7

Altars:


Innate Abilities, Weirdness & Mutations

You are immune to sickness and miasma.
You are immune to poison.
Your flesh is very heat resistant. (rF++)
You are vulnerable to cold. (rC-)
You float through the air rather than walking.
You learn spells naturally, not from books.
Your magical power is your life essence.
You have superior vitality. (+4 HP)


Message History

Found a book of Debilitation.
There is a stone staircase leading up here.
Unknown command.
Found 12 gold pieces.
Found a scroll labelled BOHAUG TEROTS.
You now have 16 gold pieces (gained 12).
Found a scroll labelled TYIGEHE CISH and a leather armour.
j - a scroll labelled BOHAUG TEROTS
k - a scroll labelled TYIGEHE CISH
Found 12 bolts.
Something hits you.
Deactivating autopickup; reactivate with Ctrl-A.
Found a quarterstaff.
Something hits you!
* * * LOW HITPOINT WARNING * * *
Unknown command.
Unknown command.
You can't see any enemies this would affect, really read the scroll of fear?
As you read the scroll of fear, it crumbles to dust.
You assume a fearsome visage.
Found a pair of gloves.
There is a stone staircase leading up here.
You fly upwards.
Reactivating autopickup.
The gnoll closely misses you. x2
There is a stone staircase leading down here.
Unknown command.
You hit the gnoll.
The gnoll is poisoned.
The gnoll is moderately wounded.
The gnoll closely misses you.
You completely miss the gnoll.
The gnoll is heavily wounded.
The gnoll barely misses you.
You hit the gnoll.
The gnoll looks even sicker.
The gnoll is severely wounded.
The gnoll closely misses you.
You closely miss the gnoll.
The gnoll is almost dead.
The gnoll hits you with a +0 flail!
Ouch! That really hurt!
You die...

#...#
####..#####
#.........#
#.........#
#.........#
#.........#
#####.#####
####.g##
#....@.#
#......#
#......#
#......#
#......#
#......#
#......#
#.......


You could see a gnoll (very poisoned).

Vanquished Creatures
  An orc (D:5)
1 creature vanquished.

Notes
Turn   | Place    | Note
-------+----------+-------------------------------------------
     0 | D:5      | Spectrina the Djinni Delver began the quest for the Orb.
     0 | D:5      | Reached XP level 1. HP: 20/20 MP: 0/0
   213 | D:5      | Slain by a gnoll

Illustrated notes

Levels and vault maps discovered:
D:5:      layout_basic, mainiacjoe_overflow_tiny_flanked,
          minmay_temple_entry_antechambers, serial_shops, nicolae_lakefront_shop
D:6:      layout_basic, kennysheep_little_box, marbit_many_paths

Action                   || total
-------------------------++-------
Melee: Unarmed           ||    17
       Dagger            ||     4
  Use: Scroll            ||     1
Dodge: Dodged            ||    14

Table legend: (Time is in decaauts)
 A = Elapsed time spent in this place.
 B = Non-inter-level travel time spent in this place.
 C = Inter-level travel time spent in this place.
 D = Time resting spent in this place.
 E = Time spent auto-exploring this place.
 F = Levels seen in this place.
 G = Mean time per level.
                   A        B        C        D        E       F      G
               +--------+--------+--------+--------+--------+-----+--------+
         Total |    212 |    212 |      0 |      0 |      0 |   2 |  106.0 |
       Dungeon |    212 |    212 |      0 |      0 |      0 |   2 |  106.0 |
               +--------+--------+--------+--------+--------+-----+--------+

Top non-repeatable levels by time:
     D:5: 165 daAuts
     D:6: 46 daAuts
